 Dungeon Crawl Stone Soup version 0.28.0 (webtiles) character file.

Game seed: 15660606545682942967

127 browni3141 the Skirmisher (level 5, -2/49 HPs)
             Began as a Gargoyle Berserker on Feb 16, 2022.
             Was a Believer of Trog.
             Slain by Pikel (8 damage)
             ... on level 4 of the Dungeon.
             The game lasted 00:01:17 (2809 turns).

browni3141 the Skirmisher (Gargoyle Berserker)      Turns: 2809, Time: 00:01:18

Health: -2/49      AC: 14    Str: 23    XL:     5   Next: 11%
Magic:  5/5        EV:  8    Int:  7    God:    Trog [**....]
Gold:   81         SH:  0    Dex:  9    Spells: 4/4 levels left

rFire   . . .      SeeInvis .   a - +0 hand axe
rCold   . . .      Faith    .   (no shield)
rNeg    + . .      Spirit   .   f - +0 chain mail
rPois   ∞          Reflect  .   (no helmet)
rElec   +          Harm     .   m - +0 cloak
rCorr   .          Rampage  .   (no gloves)
Will    .....                   (no boots)
Stlth   ..........              (no amulet)
HPRegen 0.16/turn               (no ring)
MPRegen 0.09/turn               (no ring)

@: berserking (expiring), very quick
A: sickness immunity, AC +4, negative energy resistance 1, electricity
resistance, torment resistance 1, petrification resistance
a: Renounce Religion, Berserk, Trog's Hand


You were on level 4 of the Dungeon.
You worshipped Trog.
Trog was pleased with you.
You visited 1 branch of the dungeon, and saw 4 of its levels.

You collected 81 gold pieces.

Inventory:

Hand Weapons
 a - a +0 hand axe (weapon)
Armour
 b - a +0 animal skin
 f - a +0 chain mail (worn)
 m - a +0 cloak (worn)
Scrolls
 e - a scroll of blinking {unknown}
 h - a scroll of magic mapping {unknown}
 i - a scroll of holy word {unknown}
 k - a scroll of identify {unknown}
Potions
 c - a potion of flight {unknown}
 d - a potion of attraction {unknown}
 g - 3 potions of curing {unknown}
 j - a potion of mutation {unknown}
 l - a potion of magic {unknown}


   Skills:
 + Level 4.2 Fighting
 + Level 3.4 Axes
 + Level 3.3 Armour
 + Level 2.4 Dodging


You had 4 spell levels left.
You didn't know any spells.
Your spell library was empty.

Dungeon Overview and Level Annotations

Branches:
Dungeon (4/15)
 Temple: D:4-7

Altars:
Makhleb
Qazlal

Annotations:
D:4 Pikel


Innate Abilities, Weirdness & Mutations

You are immune to sickness and miasma.
Your stone body is resilient. (AC +4)
You are immune to poison.
You resist negative energy. (rN+)
You are resistant to electric shocks. (rElec)
You are resistant to unholy torment.
You are immune to petrification.


Message History

You slash the lemure! The lemure hits you.
Pikel hits you with a +2 whip of flaming.
Pikel burns you.
You barely miss Pikel.
Pikel is moderately wounded.
You barely miss the lemure. The lemure hits you but does no damage.
You barely miss the lemure.
The lemure is heavily wounded.
You hit Pikel but do no damage.
Pikel hits you with a +2 whip of flaming.
Pikel burns you.
* * * LOW HITPOINT WARNING * * *
You are too injured to fight recklessly!
You hit Pikel. You punch Pikel, but do no damage.
Pikel is moderately wounded.
You hit the lemure. The lemure hits you but does no damage.
Pikel hits you with a +2 whip of flaming.
* * * LOW HITPOINT WARNING * * *
Pikel burns you.
* * * LOW HITPOINT WARNING * * *
You are too injured to fight recklessly!
You slash Pikel!
Pikel is severely wounded.
You hit the lemure. The lemure hits you but does no damage.
A lemure comes into view.
Pikel cracks his whip.
Pikel hits you but does no damage.
You are too injured to fight recklessly!
You miss Pikel.
Pikel is severely wounded.
You closely miss the lemure. The lemure completely misses you.
You slash Pikel!
Pikel is almost dead.
You barely miss the lemure. Pikel hits you but does no damage.
You are too injured to fight recklessly!
You hit Pikel.
Pikel is almost dead.
You hit the lemure. The lemure closely misses you.
Pikel hits you with a +2 whip of flaming!
You die...

##########
#..55....#
#.@K5Z...# >
#####5...# ..
#..##...#####...
#...'...#.......
#...#...#....#
#####...'....#
#..##...#K..$+
#.......#....#
#.......#...5#


You could see Pikel, 4 lemures and an adder skeleton.

Vanquished Creatures
  A jelly (D:4)
  2 adders (D:3)
  2 worms (D:2)
  2 dart slugs
  2 orcs
  8 ball pythons
  3 bats
  4 endoplasms (D:1)
  A giant cockroach (D:2)
  A goblin (D:2)
  9 hobgoblins
  9 jackals
  2 quokkas
  A frilled lizard (D:1)
  6 kobolds
  7 rats
60 creatures vanquished.

Notes
Turn   | Place    | Note
-------+----------+-------------------------------------------
     0 | D:1      | browni3141 the Gargoyle Berserker began the quest for the
                  | Orb.
     0 | D:1      | Reached XP level 1. HP: 14/14 MP: 1/1
   539 | D:1      | Reached XP level 2. HP: 19/19 MP: 2/2
   923 | D:1      | Found a faded altar of an unknown god.
   981 | D:1      | Reached XP level 3. HP: 21/24 MP: 3/3
  1209 | D:1      | Found a burning altar of Makhleb.
  1452 | D:2      | Reached ** piety under Trog
  1786 | D:2      | Found a stormy altar of Qazlal.
  1863 | D:2      | Reached XP level 4. HP: 29/29 MP: 4/4
  2117 | D:3      | Reached skill level 4 in Fighting
  2781 | D:4      | Noticed a lemure
  2781 | D:4      | Noticed a lemure
  2784 | D:4      | Noticed Pikel
  2784 | D:4      | Noticed a lemure
  2786 | D:4      | Reached XP level 5. HP: 23/33 MP: 5/5
  2806 | D:4      | Noticed a lemure
  2809 | D:4      | Slain by Pikel

Illustrated notes

Levels and vault maps discovered:
D:1:      dpeg_arrival_lava_altar, layout_basic,
          ebering_ecumenical_altar_sacrificial
D:2:      layout_rooms, basic_altar
D:3:      layout_basic
D:4:      cheibrodos_helix_gallery, layout_gridville, uniq_pikel

Skill      XL: |  1  2  3  4 |
---------------+-------------+-----
Axes           | 3 |  3.4
Dodging        | 2 |  2.4
Armour         | 3 |  3.3
Fighting       | 4 |  4.2

Action                   |  1- 3 |  4- 6 || total
-------------------------+-------+-------++-------
Melee: Hand axe          |   118 |    92 ||   210
       Punch             |     1 |     2 ||     3
Invok: Berserk           |       |     1 ||     1
 Stab: Sleeping          |     2 |       ||     2
Armor: Animal skin       |    22 |       ||    22
       Chain mail        |    26 |    82 ||   108
Dodge: Dodged            |    84 |    39 ||   123
